 Dungeon Crawl Stone Soup version 0.18.1-48-g4cf74bf (webtiles) character file.

4543 nicanaca0 the Grappler (level 10, 0/102 HPs)
             Began as a Troll Monk on June 26, 2016.
             Was a High Priest of Makhleb.
             Slain by Erica
             ... wielding a +4 scimitar of flaming
              (16 damage)
             ... on level 9 of the Dungeon.
             The game lasted 00:23:48 (7099 turns).

nicanaca0 the Grappler (Troll Monk)                 Turns: 7099, Time: 00:23:49

Health: 0/102      AC:  5    Str: 26    XL:     10   Next: 17%
Magic:  9/9        EV: 13    Int:  8    God:    Makhleb [*****.]
Gold:   283        SH:  0    Dex: 13    Spells: 0 memorised, 9 levels left

rFire  . . .     SeeInvis .       - Unarmed
rCold  . . .     Gourm    +     F - +0 robe
rNeg   . . .     Faith    .     (no shield)
rPois  .         Spirit   .     (helmet restricted)
rElec  .         Dismiss  .     (no cloak)
rCorr  .         Reflect  .     (gloves unavailable)
SustAt .         Harm     .     (boots unavailable)
MR     .....                    (no amulet)
Stlth  +.........               I - +3 ring of evasion
                                p - +5 ring of strength

@: lethally poisoned (0 -> -11), not resistant to hostile enchantments, very
unstealthy
A: unfitting armour, claws 3, fast metabolism 3, gourmand, regeneration 2,
shaggy fur 1, tough skin 2
a: Minor Destruction, Lesser Servant of Makhleb, Major Destruction, Greater
Servant of Makhleb, Renounce Religion


You were on level 9 of the Dungeon.
You worshipped Makhleb.
Makhleb was extremely pleased with you.
You were completely stuffed.

You visited 1 branch of the dungeon, and saw 9 of its levels.
You also visited: Sewer.

You collected 400 gold pieces.
You spent 117 gold pieces at shops.

Inventory:

Hand Weapons
 a - a +0 giant spiked club
Missiles
 h - 41 stones (quivered)
Armour
 F - a +0 robe (worn)
Jewellery
 p - a +5 ring of strength (left claw)
 H - an uncursed ring of wizardry
 I - a +3 ring of evasion (right claw)
Wands
 w - a wand of paralysis (7/24)
 D - a wand of random effects (33/48)
Scrolls
 e - 7 scrolls of remove curse {unknown}
 g - 4 scrolls of random uselessness {unknown}
 i - 5 scrolls of teleportation {unknown}
 j - a scroll of blinking
 k - a scroll of fog
 l - a scroll of noise
 o - 5 scrolls of fear {unknown}
 t - 3 scrolls of amnesia {unknown}
 u - 2 scrolls of immolation
 x - 3 scrolls of enchant armour
 y - 2 scrolls of enchant weapon
Potions
 c - 6 potions of curing
 f - a potion of haste {unknown}
 m - 2 potions of might
 n - 2 potions of heal wounds
 r - 3 potions of degeneration
 s - a potion of magic
 z - a potion of mutation
 B - 6 potions of flight {unknown}
 C - 2 potions of invisibility
 G - 2 potions of brilliance
 J - a potion of lignification
Comestibles
 b - 7 bread rations
 d - a meat ration
 q - 5 fruits
 v - 2 slices of pizza
 A - 2 beef jerkies
 E - 6 chunks of flesh


   Skills:
 + Level 7.5 Fighting
 - Level 2.8 Dodging
 - Level 1.1 Stealth
 * Level 12.5 Unarmed Combat


You had 9 spell levels left.
You didn't know any spells.

Dungeon Overview and Level Annotations

Branches:
Dungeon (9/15)             Temple (0/1) D:6            Lair (0/8) D:8
    Orc: D:9-12

Altars:
Ashenzari
Dithmenos
Fedhas
Kikubaaqudgha
Makhleb
Qazlal
Yredelemnul
The Shining One

Shops:
D:4 [   D:6 !   D:8 !

Annotations:
D:9 Erica


Innate Abilities, Weirdness & Mutations

You are too large for most types of armour.
You have claws for hands.
Your metabolism is lightning-fast.
You like to eat raw meat.
You heal very quickly.
You are covered in fur (AC +1).
You have very tough skin (AC +2).


Message History

You scratch something but do no damage. Something hits you.
Something burns you.
You barely miss something. You miss something. Something hits you!
Something burns you.
You mangle something!! You closely miss something.
You hear some strange, mumbled words.
A bolt of poison appears from out of thin air!
The bolt of poison hits you!
You are poisoned.
* * * LOW HITPOINT WARNING * * *
You claw something!
You feel sick.
You hear some strange, mumbled words.
A bolt of poison appears from out of thin air!
The bolt of poison hits you!
You are more poisoned.
* * * LOW HITPOINT WARNING * * *
You miss something. Your claw misses something.
You feel sick. Something hits you!
You die...

#...## ##..##..###
####...# ##.......#
#......## ##......#
#.......# #.######
#....#..## ##.###
......##..###.....#
.....####..#.....#
..... #.....{...##
.........##.@...#
.##...... #....##
#.#... ##...# .
#### ....# ....#
#....# ######


There were no monsters in sight!

Vanquished Creatures
  A troll (D:9)
  A two-headed ogre (D:6)
  2 yaks (D:8)
  A hippogriff (D:7)
  The ghost of Thrillho the Changer, an amateur OpTm (Sewer)
  A water moccasin (D:9)
  3 orc warriors
  2 ice beasts
  2 black bears (D:8)
  6 ogres
  A necrophage (D:8)
  3 centaurs
  A crocodile (D:8)
  4 giant frogs
  A scorpion (D:8)
  8 wights
  A howler monkey (D:5)
  3 crimson imps (D:6)
  3 hounds
  A jelly (D:7)
  4 orc priests
  10 orc wizards
  A centaur skeleton (D:8)
  3 giant frog skeletons
  An iguana (D:8)
  5 worker ants
  2 killer bee zombies
  A hound skeleton (D:8)
  Robin (D:2)
  12 adders
  3 river rats (D:8)
  A shadow imp (D:5)
  2 oozes (Sewer)
  An adder zombie (D:5)
  A worm (D:2)
  2 dart slugs
  11 giant geckos
  33 orcs
  11 giant cockroaches
  12 goblins
  10 hobgoblins
  11 jackals
  2 quokkas
  2 ball pythons
  23 bats
  4 giant gecko skeletons
  6 giant newts
  A jackal zombie (D:8)
  15 kobolds
  10 rats
247 creatures vanquished.

Vanquished Creatures (others)
  2 fungi (D:8)
2 creatures vanquished.

Grand Total: 249 creatures vanquished

Notes
Turn   | Place    | Note
--------------------------------------------------------------
     0 | D:1      | nicanaca0 the Troll Monk began the quest for the Orb.
     0 | D:1      | Reached XP level 1. HP: 22/22 MP: 0/0
   114 | D:1      | Reached XP level 2. HP: 27/29 MP: 1/1
   908 | D:1      | Reached XP level 3. HP: 36/36 MP: 2/2
  1222 | D:2      | Noticed Robin
  1261 | D:2      | Killed Robin
  1262 | D:2      | Reached skill level 5 in Unarmed Combat
  1374 | D:2      | Reached XP level 4. HP: 45/45 MP: 3/3
  1835 | D:3      | Found a glowing golden altar of the Shining One.
  1987 | D:3      | Reached XP level 5. HP: 53/53 MP: 4/4
  2344 | D:4      | Found Nosavo's Antique Armour Emporium.
  2350 | D:4      | Found a blossoming altar of Fedhas.
  2528 | D:4      | Found a stormy altar of Qazlal.
  2754 | D:4      | Reached skill level 6 in Unarmed Combat
  2988 | D:4      | Found an ancient bone altar of Kikubaaqudgha.
  2994 | D:4      | Found a basalt altar of Yredelemnul.
  2996 | D:4      | Found a burning altar of Makhleb.
  2998 | D:4      | Found a shattered altar of Ashenzari.
  3012 | D:4      | Became a worshipper of Makhleb the Destroyer
  3012 | D:4      | Reached * piety under Makhleb
  3012 | D:4      | Reached ** piety under Makhleb
  3057 | D:5      | Entered Level 5 of the Dungeon
  3111 | D:5      | Reached XP level 6. HP: 18/61 MP: 5/5
  3163 | D:5      | Found a glowing drain.
  3173 | Sewer    | Entered a sewer
  3327 | Sewer    | Noticed Thrillho's ghost (amateur OpTm)
  3333 | Sewer    | Killed Thrillho's ghost
  3333 | Sewer    | Reached skill level 7 in Unarmed Combat
  3601 | D:5      | Reached XP level 7. HP: 70/70 MP: 6/6
  4411 | D:5      | Reached *** piety under Makhleb
  4418 | D:5      | Reached skill level 8 in Unarmed Combat
  4544 | D:6      | Noticed a two-headed ogre
  4549 | D:6      | Killed a two-headed ogre
  4549 | D:6      | Reached XP level 8. HP: 79/79 MP: 7/7
  4668 | D:6      | Reached skill level 5 in Fighting
  4668 | D:6      | Reached skill level 9 in Unarmed Combat
  4888 | D:6      | Found Bymihez's Distillery.
  5168 | D:6      | Reached skill level 10 in Unarmed Combat
  5176 | D:6      | Found a staircase to the Ecumenical Temple.
  5409 | D:7      | Found a shadowy altar of Dithmenos.
  5424 | D:7      | Reached XP level 9. HP: 72/89 MP: 8/8
  5544 | D:7      | Reached **** piety under Makhleb
  5729 | D:7      | Reached skill level 11 in Unarmed Combat
  6339 | D:8      | Reached ***** piety under Makhleb
  6379 | D:8      | Reached skill level 12 in Unarmed Combat
  6410 | D:8      | Found a staircase to the Lair.
  6660 | D:8      | Found Voribeok's Distillery.
  6663 | D:8      | Bought a potion of might for 52 gold pieces
  6663 | D:8      | Bought a potion of heal wounds for 65 gold pieces
  6687 | D:8      | Reached XP level 10. HP: 102/102 MP: 9/9
  7068 | D:9      | Noticed Erica
  7099 | D:9      | Slain by Erica

Skill      XL: |  1  2  3  4  5  6  7  8  9 |
---------------+----------------------------+-----
Fighting       | 3 4 5 7 |  7.5
Unarmed Combat | 5 6 7 8 10 12 | 12.5
Dodging        | |  2.8
Stealth        | |  1.1

Action                   |  1- 3 |  4- 6 |  7- 9 | 10-12 || total
-------------------------+-------+-------+-------+-------++-------
Melee: Unarmed           |    92 |   179 |   300 |    44 ||   615
       Punch             |     1 |     7 |    24 |     2 ||    34
Throw: Stone             |       |       |       |     2 ||     2
Evoke: Wand              |       |     1 |     1 |       ||     2
  Use: Potion            |       |     3 |       |       ||     3
       Scroll            |       |       |    12 |       ||    12
 Stab: Sleeping          |     1 |     3 |     2 |     1 ||     7
       Paralysed         |       |     3 |     1 |       ||     4
  Eat: Chunk             |    18 |    21 |    29 |     3 ||    71
Armor: Robe              |    34 |    77 |    76 |     5 ||   192
Dodge: Dodged            |    40 |   116 |   168 |    15 ||   339
